[Event "Titled Tuesday Blitz July 25 Late 2023"]
[White "Nihal Sarin"]
[Black "Oro, Faustino"]
[WhiteFideId "25092340"]
[BlackFideId "20000197"]
[WhiteElo "3075"]
[BlackElo "2792"]
[Result "1-0"]
[Round "6"]
[TimeControl "180+2"]
[Date "2023.07.25"]
[WhiteClock "0:00:16"]
[BlackClock "0:00:05"]
[Board "11"]

1. Nf3 Nf6 2. b3 d5 3. Bb2 Bf5 4. Nh4 Bg6 5. g3 e6 6. Bg2 Bd6 7. d3 O-O 8. Nd2 c5 9. Nxg6 hxg6 10. O-O Nc6 11. e3 Be5 12. c3 Qc7 13. a3 Rad8 14. Nf3 Bd6 15. c4 Ne5 16. cxd5 exd5 17. Rc1 Nxf3+ 18. Bxf3 Be7 19. d4 Qb6 20. dxc5 Bxc5 21. b4 Be7 22. Bd4 Qa6 23. Qb3 Ne4 24. Rfd1 Bf6 25. Kg2 Rfe8 26. Rc7 Qb5 27. Bxe4 Rxe4 28. Bxf6 gxf6 29. Rc5 Qe2 30. Rcxd5 Rxd5 31. Rxd5 Re7 32. Qc3 Re6 33. Rd8+ Kg7 34. Qc8 Rxe3 35. Rg8+ Kh6 36. Rh8+ Kg5 37. h4# 1-0


[Site "https://www.chess.com"]

[Event "Titled Tuesday Blitz July 25 Late 2023"]
[White "Fedoseev, Vladimir"]
[Black "Pulpan, Jakub"]
[WhiteFideId "24130737"]
[BlackFideId "302759"]
[WhiteElo "3061"]
[BlackElo "2791"]
[Result "1-0"]
[Round "6"]
[TimeControl "180+2"]
[Date "2023.07.25"]
[WhiteClock "0:00:40"]
[BlackClock "0:00:16"]
[Board "12"]

1. g3 d5 2. Bg2 g6 3. d3 Bg7 4. Nf3 e5 5. O-O Ne7 6. Nbd2 Nbc6 7. e4 O-O 8. Re1 Re8 9. a4 a5 10. h3 h6 11. exd5 Nxd5 12. Nc4 Bf5 13. Nfd2 Qd7 14. Ne4 b6 15. h4 Bg4 16. f3 Bh3 17. c3 Bxg2 18. Kxg2 Rad8 19. Qe2 Nde7 20. Bxh6 Qxd3 21. Bg5 Qxe2+ 22. Rxe2 Rd5 23. Rae1 Nf5 24. g4 Nfe7 25. Nf6+ Bxf6 26. Bxf6 Rc5 27. Nxe5 Nd5 28. Nxc6 Rxe2+ 29. Rxe2 Nxf6 30. Ne5 b5 31. Nd3 Rd5 32. Nf4 Rc5 33. axb5 Rxb5 34. Kg3 a4 35. g5 Nd5 36. c4 Nxf4 37. Re8+ 1-0


[Site "https://www.chess.com"]

[Event "Titled Tuesday Blitz July 25 Late 2023"]
[White "Basso, Pier Luigi"]
[Black "Sarana, Alexey"]
[WhiteFideId "866970"]
[BlackFideId "24133795"]
[WhiteElo "2790"]
[BlackElo "3037"]
[Result "0-1"]
[Round "6"]
[TimeControl "180+2"]
[Date "2023.07.25"]
[WhiteClock "0:00:05"]
[BlackClock "0:00:13"]
[Board "13"]

1. d4 Nf6 2. c4 e6 3. Nc3 d5 4. Nf3 Nbd7 5. Bg5 h6 6. Bh4 c6 7. e3 g5 8. Bg3 Nh5 9. Qc2 Nxg3 10. hxg3 g4 11. Nh2 Qg5 12. Be2 Nf6 13. Qd1 Rg8 14. Qb3 Bd6 15. Nf1 h5 16. a3 Qf5 17. Nd2 Bd7 18. Rc1 Rb8 19. Qa2 a6 20. b4 b5 21. cxd5 exd5 22. Qb1 a5 23. e4 dxe4 24. Ncxe4 Be7 25. Nxf6+ Qxf6 26. Rxh5 axb4 27. axb4 Qxd4 28. Ne4 Qxb4+ 29. Qxb4 Bxb4+ 30. Kf1 Be7 31. Re5 Kf8 32. Nc5 Be8 33. Rd1 Rd8 34. Rxd8 Bxd8 35. Re4 Be7 36. Nd3 f5 37. Rf4 Rg5 38. Rd4 Rg6 39. Nf4 Rd6 40. Rxd6 Bxd6 41. Ne6+ Ke7 42. Nd4 Bd7 43. Bd3 Kf6 44. Ke2 Bc5 45. Nb3 Bb6 46. f3 c5 47. Nd2 c4 48. Bc2 Ke5 49. f4+ Kd4 50. Nf1 Kc3 51. Bb1 Kb2 0-1


[Site "https://www.chess.com"]

[Event "Titled Tuesday Blitz July 25 Late 2023"]
[White "Grischuk, Alexander"]
[Black "Mahdavi, Reza"]
[WhiteFideId "4126025"]
[BlackFideId "12595926"]
[WhiteElo "3026"]
[BlackElo "2786"]
[Result "1-0"]
[Round "6"]
[TimeControl "180+2"]
[Date "2023.07.25"]
[WhiteClock "0:00:09"]
[BlackClock "0:00:00"]
[Board "14"]

1. Nf3 Nf6 2. g3 g6 3. c4 Bg7 4. Nc3 O-O 5. Bg2 d6 6. d4 Nbd7 7. O-O e5 8. e4 exd4 9. Nxd4 Nc5 10. h3 Re8 11. Re1 a5 12. Qc2 Nfd7 13. Be3 Ne5 14. b3 Ned3 15. Red1 Nb4 16. Qd2 Bd7 17. Rab1 Qc8 18. Kh2 Nc6 19. Ndb5 Be6 20. f4 h5 21. Qf2 Na6 22. Nd5 Ncb4 23. Rbc1 Bd7 24. Nbc3 Nxd5 25. Nxd5 Nb4 26. Bd4 Nxd5 27. cxd5 Qd8 28. Bxg7 Kxg7 29. Qd4+ Kg8 30. e5 Bf5 31. Rc3 a4 32. b4 Qe7 33. Re1 Rad8 34. Rce3 dxe5 35. fxe5 Qd7 36. a3 Be6 37. Rd1 c6 38. d6 Bf5 39. Rd2 Be6 40. Qf4 Bb3 41. g4 hxg4 42. hxg4 f5 43. gxf5 Qxf5 44. Qxf5 gxf5 45. Kg3 f4+ 46. Kxf4 Rf8+ 47. Kg3 Kf7 48. Rf2+ Ke6 49. Bh3+ Kd5 50. Rd2+ Kc4 51. Be6+ 1-0


[Site "https://www.chess.com"]

[Event "Titled Tuesday Blitz July 25 Late 2023"]
[White "Mamedov, Rauf"]
[Black "Nenezic, Marko"]
[WhiteFideId "13401653"]
[BlackFideId "912123"]
[WhiteElo "3020"]
[BlackElo "2776"]
[Result "1-0"]
[Round "6"]
[TimeControl "180+2"]
[Date "2023.07.25"]
[WhiteClock "0:01:12"]
[BlackClock "0:00:26"]
[Board "15"]

1. e4 c5 2. Nf3 Nc6 3. c3 Nf6 4. e5 Nd5 5. Bc4 e6 6. d4 cxd4 7. cxd4 d6 8. O-O Be7 9. Qe2 O-O 10. Rd1 Bd7 11. Bd2 Rc8 12. Nc3 Nxc3 13. Bxc3 Qc7 14. Bd3 Rfd8 15. h4 Be8 16. Qe4 g6 17. Qf4 dxe5 18. dxe5 Rd5 19. Be4 Rxd1+ 20. Rxd1 Rd8 21. Rc1 Qb6 22. h5 Qa6 23. hxg6 hxg6 24. Ng5 Qe2 25. Bf3 Qd3 26. Ne4 Nd4 27. Nf6+ Bxf6 28. exf6 Qf5 29. Qxf5 gxf5 30. Bxd4 Rxd4 31. Rc8 Kf8 32. Bxb7 Rd6 33. f4 e5 34. fxe5 Re6 35. Bd5 Rxe5 36. Bc6 Re6 37. Ba4 1-0


[Site "https://www.chess.com"]

[Event "Titled Tuesday Blitz July 25 Late 2023"]
[White "Elsa167"]
[Black "Paravyan, David"]
[BlackFideId "4194985"]
[WhiteElo "2770"]
[BlackElo "3012"]
[Result "0-1"]
[Round "6"]
[TimeControl "180+2"]
[Date "2023.07.25"]
[WhiteClock "0:00:00"]
[BlackClock "0:00:38"]
[Board "16"]

1. e4 e5 2. Nf3 Nf6 3. Nxe5 d6 4. Nf3 Nxe4 5. d3 Nf6 6. d4 d5 7. Bd3 Bd6 8. Qe2+ Be7 9. O-O O-O 10. Re1 Bd6 11. Bg5 h6 12. Bh4 g5 13. Bg3 Nc6 14. c3 Re8 15. Qf1 Rxe1 16. Qxe1 Nh5 17. Bxd6 Qxd6 18. Qe8+ Kg7 19. g3 Nf6 20. Qe1 Bh3 21. Nbd2 Re8 22. Qd1 Ne4 23. Qc2 Qf6 24. Bf1 Bxf1 25. Rxf1 Nxd2 26. Nxd2 Nd8 27. Qd1 Qf5 28. Nf3 f6 29. Kg2 Nf7 30. Re1 Re4 31. Rxe4 Qxe4 32. Qe1 f5 33. Qxe4 fxe4 34. Ne1 Nd6 35. Nc2 h5 36. Ne3 c6 37. f3 Kf6 38. fxe4 Nxe4 39. Kf3 g4+ 40. Ke2 Ng5 41. Ng2 Nf3 42. Nf4 Kg5 43. Ne6+ Kf5 44. Nd8 Nxh2 45. Nxb7 Nf3 46. Nc5 h4 47. gxh4 Nxh4 48. Ke3 g3 49. Nd3 Kg4 50. Ne1 Kh3 0-1


[Site "https://www.chess.com"]

[Event "Titled Tuesday Blitz July 25 Late 2023"]
[White "Tristan, Leonardo"]
[Black "Kevlishvili, Robby"]
[WhiteFideId "113816"]
[BlackFideId "1040634"]
[WhiteElo "2760"]
[BlackElo "3004"]
[Result "0-1"]
[Round "6"]
[TimeControl "180+2"]
[Date "2023.07.25"]
[WhiteClock "0:00:00"]
[BlackClock "0:01:05"]
[Board "17"]

1. d4 Nf6 2. Nf3 g6 3. Bf4 Bg7 4. e3 O-O 5. Be2 d6 6. O-O b6 7. h3 Bb7 8. Bh2 Nbd7 9. a4 a6 10. Nbd2 Re8 11. a5 b5 12. c4 bxc4 13. Bxc4 Bd5 14. Qc2 Qb8 15. Rfc1 Rc8 16. b3 Qb7 17. Ne1 c5 18. Qd3 cxd4 19. exd4 Bh6 20. Rcb1 Nf8 21. f3 Ne6 22. Nc2 Qa7 23. Kh1 Bxd2 24. Qxd2 Bxc4 25. bxc4 Rxc4 26. Bg1 Nd5 27. Ne3 Nxe3 28. Qxe3 Qxd4 29. Qb3 Qd5 30. Rd1 Qc6 31. Rab1 Rc8 32. Qe3 Rc3 33. Qa7 Rc7 34. Qb8+ Kg7 35. Rb6 Qc4 36. Rxa6 Qxa6 0-1


[Site "https://www.chess.com"]

[Event "Titled Tuesday Blitz July 25 Late 2023"]
[White "Remizov, Yaroslav"]
[Black "Santos Latasa, Jaime"]
[WhiteFideId "34134015"]
[BlackFideId "2293307"]
[WhiteElo "2746"]
[BlackElo "2994"]
[Result "0-1"]
[Round "6"]
[TimeControl "180+2"]
[Date "2023.07.25"]
[WhiteClock "0:00:04"]
[BlackClock "0:01:26"]
[Board "18"]

1. e4 c5 2. Nf3 Nc6 3. Bb5 e6 4. O-O Nge7 5. Nc3 Nd4 6. Re1 a6 7. Bf1 d6 8. Nxd4 cxd4 9. Ne2 Nc6 10. c3 dxc3 11. bxc3 Be7 12. d4 O-O 13. Rb1 Na5 14. Nf4 Bd7 15. Qf3 Rc8 16. Bd2 b5 17. Nh5 Kh8 18. Bd3 Nc4 19. Bc1 e5 20. Qg3 g6 21. Bh6 Rg8 22. Bg7+ Rxg7 23. Nxg7 Kxg7 24. Bxc4 Rxc4 25. dxe5 dxe5 26. Qxe5+ Bf6 27. Qg3 Rxc3 28. Re3 Rxe3 29. Qxe3 Be6 30. e5 Bg5 31. Qe2 Qd5 32. a3 h5 33. h3 Qc5 34. Qb2 Be7 35. Ra1 a5 36. Kh2 a4 37. g3 h4 38. g4 Bg5 39. Kg1 Qd5 40. Rc1 Bxc1 41. Qxc1 Qxe5 42. Qb1 Bd5 43. Qxb5 Qe1+ 44. Qf1 Qxf1+ 45. Kxf1 Kf6 46. f4 g5 47. Kf2 gxf4 48. g5+ Kxg5 0-1


[Site "https://www.chess.com"]

[Event "Titled Tuesday Blitz July 25 Late 2023"]
[White "He, Anthony"]
[Black "Tanenbaum, Zachary"]
[WhiteFideId "2088215"]
[BlackFideId "2060850"]
[WhiteElo "2978"]
[BlackElo "2748"]
[Result "1-0"]
[Round "6"]
[TimeControl "180+2"]
[Date "2023.07.25"]
[WhiteClock "0:01:25"]
[BlackClock "0:00:04"]
[Board "19"]

1. d4 d5 2. c4 dxc4 3. Nf3 Nf6 4. e3 Bg4 5. Bxc4 e6 6. O-O Nc6 7. Nbd2 Bd6 8. h3 Bh5 9. b3 O-O 10. Bb2 Qe7 11. Bb5 Nb4 12. a3 a6 13. Be2 Nbd5 14. e4 Nf4 15. e5 N6d5 16. exd6 cxd6 17. Re1 Rfc8 18. Bf1 f5 19. Nc4 b5 20. Ne3 Nxe3 21. fxe3 Nd5 22. Qd2 Nf6 23. Bd3 Bxf3 24. gxf3 Nh5 25. Kh2 Qh4 26. Rg1 Rf8 27. Rac1 Rf6 28. Qg2 Rg6 29. Qe2 Rh6 30. Qf1 d5 31. Bc3 f4 32. Rg4 Qf6 33. Qf2 Rf8 34. Bb4 Rf7 35. Rc8+ 1-0


[Site "https://www.chess.com"]

[Event "Titled Tuesday Blitz July 25 Late 2023"]
[White "Anton Guijarro, David"]
[Black "Yanchenko, Roman"]
[WhiteFideId "2285525"]
[BlackFideId "4137329"]
[WhiteElo "2972"]
[BlackElo "2741"]
[Result "1-0"]
[Round "6"]
[TimeControl "180+2"]
[Date "2023.07.25"]
[WhiteClock "0:00:21"]
[BlackClock "0:00:00"]
[Board "20"]

1. d4 d5 2. Nf3 Nf6 3. e3 Bf5 4. c4 c6 5. Nc3 e6 6. Nh4 Be4 7. f3 Bg6 8. Bd2 Nbd7 9. cxd5 exd5 10. Nxg6 hxg6 11. Bd3 Bd6 12. Qe2 Bg3+ 13. Kd1 Bd6 14. e4 dxe4 15. fxe4 Bb4 16. e5 Ng8 17. e6 Ndf6 18. exf7+ Kxf7 19. Bc4+ Kf8 20. Kc2 Qxd4 21. Rad1 Re8 22. Qf1 Rh5 23. Bf4 Qb6 24. g4 Ra5 25. g5 Rf5 26. gxf6 Bxc3 27. bxc3 gxf6 28. Bd6+ Kg7 29. Qd3 1-0


[Site "https://www.chess.com"]

[Event "Titled Tuesday Blitz July 25 Late 2023"]
[White "Adewumi, Tanitoluwa"]
[Black "Xiong, Jeffery"]
[WhiteFideId "30966396"]
[BlackFideId "2047640"]
[WhiteElo "2699"]
[BlackElo "2969"]
[Result "0-1"]
[Round "6"]
[TimeControl "180+2"]
[Date "2023.07.25"]
[WhiteClock "0:00:03"]
[BlackClock "0:01:06"]
[Board "21"]

1. e4 c6 2. d4 d5 3. e5 Bf5 4. Nf3 e6 5. Be2 Ne7 6. O-O h6 7. a4 Nd7 8. c3 Bh7 9. b4 Ng6 10. a5 Be7 11. Na3 O-O 12. Nc2 f6 13. exf6 Bxf6 14. Re1 e5 15. dxe5 Ngxe5 16. Ncd4 Re8 17. Bf4 a6 18. Qd2 Be4 19. Rad1 Nxf3+ 20. Nxf3 Nf8 21. Nd4 Qd7 22. Bh5 Bg6 23. Bf3 Rxe1+ 24. Rxe1 Re8 25. h3 Rxe1+ 26. Qxe1 Qe8 27. Qxe8 Bxe8 28. Kf1 Bd7 29. Ke2 Ne6 30. Be3 Ng5 31. Bg4 Bxg4+ 32. hxg4 Kf7 33. Kd3 Bxd4 34. Kxd4 Ke6 35. Bxg5 hxg5 36. Kc5 Kd7 37. Kb6 Kc8 38. g3 Kb8 39. f4 Kc8 40. fxg5 Kb8 41. g6 Kc8 42. g5 Kb8 43. g4 Kc8 44. Kc5 Kc7 45. Kd4 Kd6 46. c4 Ke6 47. cxd5+ cxd5 48. Kc5 Ke5 49. Kb6 d4 50. Kxb7 d3 51. b5 axb5 52. a6 d2 53. a7 d1=Q 0-1


[Site "https://www.chess.com"]

[Event "Titled Tuesday Blitz July 25 Late 2023"]
[White "Jaracz, Pawel"]
[Black "Svane, Rasmus"]
[WhiteFideId "1102222"]
[BlackFideId "4657101"]
[WhiteElo "2697"]
[BlackElo "2966"]
[Result "1-0"]
[Round "6"]
[TimeControl "180+2"]
[Date "2023.07.25"]
[WhiteClock "0:00:17"]
[BlackClock "0:00:00"]
[Board "22"]

1. e4 c6 2. d4 d5 3. e5 Bf5 4. c4 e6 5. Nc3 Ne7 6. a3 Nd7 7. cxd5 Nxd5 8. Nxd5 cxd5 9. Bd3 Bxd3 10. Qxd3 a6 11. Ne2 Qa5+ 12. Nc3 Be7 13. Qg3 g6 14. Bh6 f5 15. exf6 Nxf6 16. O-O Kf7 17. Rae1 Rac8 18. Re3 Rhe8 19. Rfe1 Rc6 20. Bg5 Bd8 21. Qh4 Nh5 22. g4 Bxg5 23. Qxg5 Ng7 24. Qh6 Rh8 25. Rf3+ Kg8 26. Qf4 h5 27. Qf7+ Kh7 28. Rf6 Qc7 29. Qxg6+ Kg8 30. Nxd5 Qd7 31. Nf4 Qe8 32. Qg5 hxg4 33. d5 Rc5 34. Nxe6 Rh7 35. Re3 Rc1+ 36. Kg2 1-0


[Site "https://www.chess.com"]

[Event "Titled Tuesday Blitz July 25 Late 2023"]
[White "Salimova, Nurgyul"]
[Black "Ibarra Jerez, Jose Carlos"]
[WhiteFideId "2915138"]
[BlackFideId "2226332"]
[WhiteElo "2696"]
[BlackElo "2907"]
[Result "1-0"]
[Round "6"]
[TimeControl "180+2"]
[Date "2023.07.25"]
[WhiteClock "0:00:41"]
[BlackClock "0:00:12"]
[Board "24"]

1. Nf3 d6 2. d4 Nf6 3. c3 Nbd7 4. Bf4 Nh5 5. e3 g6 6. Nbd2 Bg7 7. Bg5 h6 8. Bh4 g5 9. Bg3 f5 10. Bc4 Ndf6 11. Qb3 d5 12. Bb5+ c6 13. Bd3 Nxg3 14. hxg3 e6 15. O-O-O Ne4 16. Bxe4 fxe4 17. Ne5 Qd6 18. f4 exf3 19. Ndxf3 O-O 20. Qc2 Rf5 21. g4 Rf6 22. Nxg5 hxg5 23. Qh7+ Kf8 24. Rdf1 Qd8 25. Kd2 Qe8 26. Rxf6+ Bxf6 27. Ng6+ 1-0


[Site "https://www.chess.com"]

[Event "Titled Tuesday Blitz July 25 Late 2023"]
[White "Fressinet, Laurent"]
[Black "Czernek, Tymon"]
[WhiteFideId "608742"]
[BlackFideId "1199510"]
[WhiteElo "2885"]
[BlackElo "2652"]
[Result "1-0"]
[Round "6"]
[TimeControl "180+2"]
[Date "2023.07.25"]
[WhiteClock "0:00:53"]
[BlackClock "0:00:42"]
[Board "25"]

1. d4 Nf6 2. Nf3 e6 3. Bg5 d5 4. Nbd2 Be7 5. e3 O-O 6. Bd3 h6 7. Bf4 c5 8. c3 Nh5 9. Be5 Nc6 10. g4 f6 11. Bg3 Nxg3 12. hxg3 e5 13. Bf5 Bxf5 14. gxf5 Qd7 15. g4 cxd4 16. cxd4 exd4 17. exd4 Rfe8 18. Kf1 Bb4 19. Nb3 Re4 20. a3 Bd6 21. Nbd2 Rf4 22. Qb3 Qf7 23. Rg1 Nxd4 24. Nxd4 Rxd4 25. Nf3 Rf4 26. Rd1 Rc8 27. Nd4 Bc5 28. Ne6 Rxf2+ 29. Ke1 Bb6 30. Qxb6 axb6 31. Kxf2 Rc2+ 32. Kg3 Qd7 33. Kh3 Qd6 34. Rg3 Kh7 35. b4 Qe5 36. Nf8+ Kg8 37. Ng6 Qe2 38. Rh1 d4 1-0


[Site "https://www.chess.com"]

[Event "Titled Tuesday Blitz July 25 Late 2023"]
[White "Pinero Rodriguez, Carlos Jose"]
[Black "Dardha, Daniel"]
[WhiteFideId "3901726"]
[BlackFideId "240990"]
[WhiteElo "2636"]
[BlackElo "2882"]
[Result "1/2-1/2"]
[Round "6"]
[TimeControl "180+2"]
[Date "2023.07.25"]
[WhiteClock "0:00:11"]
[BlackClock "0:00:03"]
[Board "26"]

1. b3 g6 2. Bb2 Nf6 3. Bxf6 exf6 4. d4 f5 5. e3 d5 6. g3 Nd7 7. h4 Nf6 8. Bg2 Bg7 9. Nd2 O-O 10. Ne2 c5 11. c3 Ne4 12. O-O Qa5 13. Nxe4 dxe4 14. a3 cxd4 15. cxd4 Bd7 16. b4 Qb6 17. Nf4 Rfc8 18. Qb3 a5 19. Rfc1 axb4 20. Qxb4 Qxb4 21. axb4 Rxa1 22. Rxa1 Bf8 23. Rb1 Bd6 24. Nd5 Be6 25. Nb6 Rc6 26. Na4 Ba2 27. Ra1 Bc4 28. Bf1 Bxf1 29. Kxf1 Rc4 30. b5 Rb4 31. b6 h6 32. Ke1 g5 33. hxg5 hxg5 34. Kd2 f4 35. gxf4 gxf4 36. Kc3 f3 37. Nc5 Rxb6 38. Nxe4 Rc6+ 39. Kd3 Bb4 40. Ng5 Rc3+ 41. Ke4 Rc2 42. Kxf3 Be7 43. Ne4 b5 44. Ra7 Kf8 45. Rb7 b4 46. d5 f5 47. Ng3 f4 48. Kxf4 Rxf2+ 49. Ke4 Bd6 50. Nf5 Bc5 51. d6 Rd2 52. d7 Be7 53. Rb8+ Kf7 54. Rb7 Ke6 55. Nd4+ Kf7 56. Nc6 Ke6 57. Nd4+ Kd6 58. Nf5+ Ke6 59. Nd4+ 1/2-1/2


[Site "https://www.chess.com"]

[Event "Titled Tuesday Blitz July 25 Late 2023"]
[White "Zhigalko, Sergei"]
[Black "Sivakumar, Shaashwath"]
[WhiteFideId "13502956"]
[BlackFideId "30912156"]
[WhiteElo "2875"]
[BlackElo "2614"]
[Result "1-0"]
[Round "6"]
[TimeControl "180+2"]
[Date "2023.07.25"]
[WhiteClock "0:00:05"]
[BlackClock "0:00:27"]
[Board "27"]

1. e4 c5 2. Nf3 d6 3. d4 cxd4 4. Qxd4 Nc6 5. Bb5 Bd7 6. Bxc6 Bxc6 7. Nc3 Nf6 8. Bg5 e6 9. O-O-O Be7 10. Rhe1 O-O 11. Kb1 Qc7 12. Qd2 Rfd8 13. Nd4 Rab8 14. f3 b5 15. g4 b4 16. Nce2 Be8 17. Ng3 a5 18. Rg1 h6 19. Be3 a4 20. g5 hxg5 21. Bxg5 b3 22. cxb3 axb3 23. a3 Rbc8 24. Bxf6 Bxf6 25. Nh5 Qe7 26. Nxg7 Bxg7 27. Rxg7+ Kxg7 28. Rg1+ Kh7 29. Qg2 Qf6 30. Qg8+ Kh6 31. Rg3 Rc5 32. Nf5+ Rxf5 33. exf5 Qxf5+ 34. Ka1 Qg6 35. Qh8+ Qh7 36. Qf6+ Qg6 37. Rh3# 1-0


[Site "https://www.chess.com"]

[Event "Titled Tuesday Blitz July 25 Late 2023"]
[White "Erdogmus, Yagiz Kaan"]
[Black "Barria Santos, Jose Guilherme"]
[WhiteFideId "44599790"]
[BlackFideId "1939300"]
[WhiteElo "2856"]
[BlackElo "2605"]
[Result "1-0"]
[Round "6"]
[TimeControl "180+2"]
[Date "2023.07.25"]
[WhiteClock "0:02:11"]
[BlackClock "0:00:23"]
[Board "28"]

1. e4 e5 2. Nf3 Nc6 3. Bc4 Bc5 4. d3 Nf6 5. Nc3 d6 6. h3 a6 7. Be3 Ba7 8. O-O h6 9. Nd5 g5 10. Nh2 Nxd5 11. Bxd5 Ne7 12. Bb3 Ng6 13. Bxa7 Rxa7 14. Ng4 h5 15. Ne3 g4 16. hxg4 hxg4 17. g3 Qg5 18. Kg2 Nf4+ 19. gxf4 exf4 20. Rh1 Rxh1 21. Qxh1 fxe3 22. Qh8+ Ke7 23. Qxc8 b5 24. Qf5 Qh4 25. Qxf7+ Kd8 26. Rh1 Qxf2+ 27. Qxf2 exf2 28. Kxf2 1-0


[Site "https://www.chess.com"]

[Event "Titled Tuesday Blitz July 25 Late 2023"]
[White "Donchenko, Alexander"]
[Black "Deng, Henry"]
[WhiteFideId "24603295"]
[BlackFideId "30965454"]
[WhiteElo "2825"]
[BlackElo "2544"]
[Result "1-0"]
[Round "6"]
[TimeControl "180+2"]
[Date "2023.07.25"]
[WhiteClock "0:01:49"]
[BlackClock "0:00:42"]
[Board "29"]

1. Nf3 d5 2. e3 Nf6 3. c4 c6 4. Nc3 Nbd7 5. cxd5 cxd5 6. d4 e6 7. Bd3 Be7 8. O-O O-O 9. Bd2 b6 10. Qe2 Bb7 11. a3 Nb8 12. Ne5 Nc6 13. f4 Rc8 14. Rac1 Nd7 15. Rf3 g6 16. Rh3 Kg7 17. Qg4 Nf6 18. Qh4 Nh5 19. Qf2 Nf6 20. Rf1 Nd7 21. Qg3 Na5 22. Rxh7+ Kxh7 23. Bxg6+ fxg6 24. Qxg6+ Kh8 25. Rf3 Nxe5 26. Qh5+ 1-0


[Site "https://www.chess.com"]

[Event "Titled Tuesday Blitz July 25 Late 2023"]
[White "Alex_Sahakyan2006"]
[Black "Slovineanu, Viacheslav"]
[BlackFideId "13900510"]
[WhiteElo "2737"]
[BlackElo "2408"]
[Result "1-0"]
[Round "6"]
[TimeControl "180+2"]
[Date "2023.07.25"]
[WhiteClock "0:00:15"]
[BlackClock "0:00:00"]
[Board "30"]

1. d4 Nf6 2. c4 c5 3. dxc5 e5 4. Nc3 Bxc5 5. Nf3 Nc6 6. e3 O-O 7. Bd3 Re8 8. Ng5 d5 9. cxd5 Nb4 10. Bb5 Bd7 11. Be2 Bf5 12. e4 Bg6 13. a3 Na6 14. Bd3 Bh5 15. Nf3 Bb6 16. O-O Nc5 17. Bb5 Re7 18. Re1 a6 19. Bf1 Ng4 20. Re2 f5 21. Bg5 fxe4 22. Bxe7 Qxe7 23. d6 Qd8 24. Nxe4 Nxe4 25. Qd5+ Kh8 26. Qxe4 Qxd6 27. h3 Nxf2 28. Rxf2 Qc5 29. Qc2 e4 30. Qxc5 Bxc5 31. Rc1 Bxf2+ 32. Kxf2 exf3 33. gxf3 Rf8 34. Be2 h6 35. Rc7 Rb8 36. Bd3 Be8 37. Be4 Bc6 38. Bxc6 bxc6 39. b4 a5 40. bxa5 Rb3 41. Rxc6 Rxa3 42. a6 Kh7 43. h4 h5 44. Kg3 g6 45. Kf4 Ra4+ 46. Kg5 Ra5+ 47. Kf6 Rf5+ 48. Ke6 Rxf3 49. Kd7 Ra3 50. Kc7 g5 51. hxg5 h4 52. Rh6+ Kg7 53. Kb7 Rb3+ 54. Rb6 Ra3 55. a7 h3 56. a8=Q Rxa8 57. Kxa8 h2 58. Rh6 1-0


[Site "https://www.chess.com"]

[Event "Titled Tuesday Blitz July 25 Late 2023"]
[White "EsmeraldasAnderson03"]
[Black "Firouzja, Alireza"]
[BlackFideId "12573981"]
[WhiteElo "2434"]
[BlackElo "3095"]
[Result "0-1"]
[Round "6"]
[TimeControl "180+2"]
[Date "2023.07.25"]
[WhiteClock "0:00:02"]
[BlackClock "0:00:06"]
[Board "31"]

1. d4 Nf6 2. Nf3 g6 3. Bf4 Bg7 4. h3 O-O 5. e3 d6 6. Bh2 Nc6 7. Be2 Nd7 8. O-O e5 9. c4 exd4 10. exd4 Qf6 11. Nc3 Nxd4 12. Nxd4 Qxd4 13. Nb5 Qb6 14. a4 a6 15. a5 Qc6 16. Bf3 Qxc4 17. Be2 Qc5 18. Rc1 axb5 19. Rxc5 Nxc5 20. b4 Ne4 21. Bf3 Re8 22. Re1 Bf5 23. g4 Nc3 24. Qc1 Rxe1+ 25. Qxe1 Be4 26. Bxe4 Re8 27. f3 d5 28. Bxc7 dxe4 29. Bb6 e3 30. Kg2 Nd5 31. f4 Bc3 32. Qb1 e2 33. Bf2 e1=Q 34. Bxe1 Rxe1 35. Qb3 Nxf4+ 36. Kf3 Be5 37. Qc2 Kg7 38. Qc8 Nd5 39. Qxb7 Nxb4 40. Qxb5 Nc2 41. Kf2 Bd4+ 42. Kg2 Rg1+ 43. Kf3 Bf6 44. Kf2 Ra1 45. a6 Nd4 46. Qb7 Ne6 47. Kg2 Bd4 48. h4 Ra2+ 49. Kf3 h6 50. h5 gxh5 51. gxh5 Ra3+ 52. Ke4 Nc5+ 53. Kxd4 Nxb7 54. axb7 Rb3 0-1


[Site "https://www.chess.com"]

[Event "Titled Tuesday Blitz July 25 Late 2023"]
[White "Matlakov, Maxim"]
[Black "Ponizil, Cyril"]
[WhiteFideId "4168003"]
[BlackFideId "322202"]
[WhiteElo "2970"]
[BlackElo "2623"]
[Result "1-0"]
[Round "6"]
[TimeControl "180+2"]
[Date "2023.07.25"]
[WhiteClock "0:00:57"]
[BlackClock "0:00:10"]
[Board "32"]

1. d4 Nf6 2. Nf3 e6 3. e3 b6 4. Bd3 Bb7 5. Nbd2 c5 6. b3 cxd4 7. exd4 Be7 8. Bb2 O-O 9. Qe2 d6 10. h4 Nbd7 11. a3 a5 12. h5 a4 13. b4 Nd5 14. g3 Rc8 15. c4 N5f6 16. h6 g6 17. Rd1 Qc7 18. O-O Qb8 19. Ng5 Rce8 20. Rfe1 Bd8 21. f4 Bc7 22. Nde4 Nxe4 23. Bxe4 d5 24. Bf3 Nf6 25. c5 bxc5 26. dxc5 Bd8 27. Be5 Qc8 28. Qb2 Nd7 29. Bg7 Bxg5 30. fxg5 Qc7 31. Bxf8 Qxg3+ 32. Bg2 Kxf8 33. Rf1 Ke7 34. Rxf7+ Kd8 35. Qd2 d4 36. Qf2 Qxg5 37. Rxd4 Re7 38. Rxe7 Kxe7 39. Rxd7+ Kxd7 40. Qf7+ Kd8 41. Qg8+ Ke7 42. Qxh7+ Kd8 43. Qg8+ Ke7 44. Qg7+ Ke8 45. Qxb7 Qe3+ 46. Kf1 Qc1+ 47. Kf2 Qd2+ 48. Kf3 Qd3+ 49. Kf4 Qd2+ 50. Ke5 Qe3+ 51. Kd6 1-0


[Site "https://www.chess.com"]

[Event "Titled Tuesday Blitz July 25 Late 2023"]
[White "Lenderman, Aleksandr"]
[Black "Mahdavirad, Mehdi"]
[WhiteFideId "2021285"]
[BlackFideId "12502669"]
[WhiteElo "2879"]
[BlackElo "2606"]
[Result "1-0"]
[Round "6"]
[TimeControl "180+2"]
[Date "2023.07.25"]
[WhiteClock "0:00:03"]
[BlackClock "0:00:05"]
[Board "33"]

1. g3 c5 2. Bg2 Nc6 3. Nf3 g6 4. O-O Bg7 5. c3 d5 6. d4 cxd4 7. cxd4 Bg4 8. Nbd2 Bxf3 9. Nxf3 e6 10. Qb3 Qb6 11. e3 Qxb3 12. axb3 Nge7 13. Bd2 Nf5 14. Rfc1 Nd6 15. Bf1 Kd7 16. Ne1 a5 17. Nd3 b6 18. b4 Nc4 19. Be1 a4 20. b5 Na7 21. Rxa4 Nxb5 22. Rxa8 Rxa8 23. b3 Ncd6 24. Ne5+ Ke8 25. Bb4 f6 26. Nd3 Kd7 27. Nc5+ bxc5 28. dxc5 Rb8 29. cxd6 Nxd6 30. Ba5 Ne8 31. b4 Bf8 32. b5 Bd6 33. b6 Be5 34. Bb5+ Ke7 35. f4 Bd6 36. Rc6 Ra8 37. Bc3 Rb8 38. Bd4 e5 39. fxe5 fxe5 40. Bc3 Ke6 41. Kf2 Nf6 42. Bb4 Ne4+ 43. Ke2 Ke7 44. Rc7+ Ke6 45. Rc6 Ke7 46. Ba5 Ra8 47. Be1 Rb8 48. g4 Bc5 49. Bh4+ Kf7 50. Rc7+ Ke6 51. b7 Kd6 52. Rd7+ Ke6 53. Rxh7 Bd6 54. Bd7# 1-0


[Site "https://www.chess.com"]

[Event "Titled Tuesday Blitz July 25 Late 2023"]
[White "Rasulov, Vugar"]
[Black "Trifan, Andrei Ioan"]
[WhiteFideId "13402390"]
[BlackFideId "12967068"]
[WhiteElo "2870"]
[BlackElo "2590"]
[Result "1-0"]
[Round "6"]
[TimeControl "180+2"]
[Date "2023.07.25"]
[WhiteClock "0:00:28"]
[BlackClock "0:00:15"]
[Board "34"]

1. e4 e5 2. Nf3 Nc6 3. g3 Nf6 4. d3 Bc5 5. Bg2 d6 6. O-O a6 7. c3 Ba7 8. Nbd2 h6 9. Re1 O-O 10. Nf1 Be6 11. Be3 Re8 12. Bxa7 Rxa7 13. d4 d5 14. Nxe5 Nxe4 15. Nxc6 bxc6 16. Bxe4 dxe4 17. Rxe4 Ra8 18. Ne3 Qd7 19. Qh5 f5 20. Re5 f4 21. gxf4 Rf8 22. f5 Bf7 23. Qg4 Rae8 24. f6 Qxg4+ 25. Nxg4 Rxe5 26. Nxe5 gxf6 27. Nxc6 Re8 28. a4 Re2 29. b4 Rc2 30. b5 Rxc3 31. a5 Bc4 32. b6 cxb6 33. axb6 Rb3 34. Na5 Rb4 35. Nxc4 Rxc4 36. Rxa6 Kf7 37. d5 Ke7 38. Ra7+ Kd6 39. Rf7 Rf4 40. b7 Rb4 41. Rxf6+ Kxd5 42. Rf7 Ke6 43. Rh7 h5 44. Kg2 h4 45. Kh3 Kf6 46. f3 Kg6 47. Rc7 Kf6 48. Kg2 Kf5 49. Kf2 Rb2+ 50. Ke3 Rb3+ 51. Kd4 Kf4 52. Rf7+ Kg5 53. Kc4 Rb1 54. Kc5 Rc1+ 55. Kd6 Rd1+ 56. Kc7 Rc1+ 57. Kd8 Rb1 58. Kc8 Rc1+ 59. Rc7 1-0


[Site "https://www.chess.com"]